 Dungeon Crawl Stone Soup version 0.29.0-4-gdea44cf6ec (webtiles) character file.

Game seed: 6692738804890913781

368 qw the Chopper (level 6, 0/36 HPs)
             Began as a Tengu Warper on Aug 28, 2022.
             Slain by a black bear (6 damage)
             ... on level 4 of the Dungeon.
             The game lasted 00:00:24 (4239 turns).

qw the Chopper (Tengu Warper)                       Turns: 4239, Time: 00:00:24

Health: 0/36       AC:  8    Str: 13    XL:     6   Next: 69%
Magic:  10/10      EV:  7    Int: 13    God:
Gold:   75         SH:  0    Dex: 14    Spells: 9/9 levels left

rFire   . . .      SeeInvis .   Y - +0 war axe
rCold   . . .      Faith    .   (no shield)
rNeg    . . .      Spirit   .   a - +0 chain mail
rPois   .          Reflect  .   (helmet restricted)
rElec   .          Harm     .   (no cloak)
rCorr   .          Rampage  .   (no gloves)
Will    .....                   (boots unavailable)
Stlth   ..........              (no amulet)
HPRegen 0.12/turn               (no ring)
MPRegen 0.12/turn               (no ring)

@: about to teleport, flying quickly and evasively, quick
A: beak, talons 3, nimble flight
a: no special abilities


You were on level 4 of the Dungeon.
You visited 1 branch of the dungeon, and saw 4 of its levels.

You collected 241 gold pieces.
You spent 166 gold pieces at shops.


Innate Abilities, Weirdness & Mutations

You have a beak for a mouth.
You have claws for feet.
Your magical nature lets you fly swiftly and evasively.


   Skills:
 + Level 2.8 Fighting
 - Level 7.0 Axes
 - Level 1.0 Throwing
 - Level 2.0 Armour
 - Level 2.1 Dodging
 - Level 2.0 Spellcasting
 - Level 2.4 Translocations


You had 9 spell levels left.
You didn't know any spells.
Your spell library contained the following spells:

 Spells                   Type           Power      Damage    Failure   Level
 Blink                    Tloc           14%        N/A       99%         2
 Gell's Gravitas          Tloc           7%         N/A       100%        3
 Lesser Beckoning         Tloc           7%         N/A       100%        3
 Teleport Other           Tloc           7%         N/A       100%        3
 Manifold Assault         Tloc           7%         N/A       100%        5

Inventory:

Hand Weapons
 g - a +0 whip
 Y - a +0 war axe (weapon)
Armour
 a - a +0 chain mail (worn)
 e - a +0 pair of gloves
Scrolls
 i - 2 scrolls of enchant armour {unknown}
 n - 2 scrolls of identify
Potions
 b - a potion of haste {unknown}
 c - a potion of lignification {unknown}
 d - a potion of attraction {unknown}
 f - a potion of magic {unknown}
 h - 2 potions of curing {unknown}
 l - a potion of resistance {unknown}

Dungeon Overview and Level Annotations

Branches:
Dungeon (4/15)
 Temple: D:4-7

Altars:
Dithmenos
Zin

Shops:
D:4 *


Message History

You see here a scroll of fear.
There is an escape hatch in the ceiling here.
A kobold comes into view. It is wielding a +1 dagger of pain.
The kobold shouts!
Enter note: You hit the kobold.
You kill the kobold!
You see here a +1 dagger of pain.
A black bear comes into view.
The black bear growls angrily.
You slash the black bear! You claw the black bear! You peck the black bear.
The black bear is severely wounded.
The black bear bites you. The black bear claws you.
The black bear claws you but does no damage.
The black bear bites you. The black bear claws you.
The black bear claws you but does no damage.
You barely miss the black bear. You claw the black bear.
The black bear is severely wounded.
The black bear goes berserk!
You barely miss the black bear.
You peck the black bear, but do no damage.
The black bear is severely wounded.
The black bear closely misses you. The black bear barely misses you.
The black bear claws you.
You barely miss the black bear.
The black bear is severely wounded.
The black bear bites you but does no damage.
The black bear claws you but does no damage.
The black bear claws you. The black bear bites you!
The black bear claws you but does no damage.
The black bear barely misses you.
4239 ||| READING scroll of teleportation.
As you read the scroll of teleportation, it crumbles to dust.
You feel strangely unstable.
The black bear bites you but does no damage.
The black bear claws you but does no damage.
The black bear barely misses you.
The black bear bites you but does no damage.
The black bear claws you.
You die...

#################
......h@......).#######
##....#########........
#... .........########
#.. ########.# #. #.#
### # #.###.##
#.##...## #.......#
####...##


You could see a black bear (berserk).

Vanquished Creatures
  An ice beast (D:3)
  A scorpion (D:4)
  A hound (D:4)
  An orc priest (D:3)
  4 adders
  A gnoll (D:1)
  3 worms
  5 dart slugs
  3 orcs (D:3)
  7 endoplasms
  3 giant cockroaches
  8 goblins
  8 hobgoblins
  8 jackals (D:1)
  4 quokkas
  6 ball pythons
  6 bats
  2 frilled lizards (D:2)
  7 kobolds
  4 rats
83 creatures vanquished.

Vanquished Creatures (others)
  2 fungi (D:2)
2 creatures vanquished.

Grand Total: 85 creatures vanquished

Notes
Turn   | Place    | Note
-------+----------+-------------------------------------------
     0 | D:1      | qw the Tengu Warper began the quest for the Orb.
     0 | D:1      | Reached XP level 1. HP: 12/12 MP: 4/4
     0 | D:1      | 0 ||| qw: Version: 0.1-a-89-g26bdef1
     0 | D:1      | 0 ||| qw: Game counter: 1546
     0 | D:1      | 0 ||| qw: Always use a shield: true
     0 | D:1      | 0 ||| qw: God list: Okawaru
     0 | D:1      | 0 ||| qw: Allow faded altars: false
     0 | D:1      | 0 ||| qw: Do Orc after D:15 true
     0 | D:1      | 0 ||| qw: Do second Lair branch before Depths: true
     0 | D:1      | 0 ||| qw: Lair rune preference: random
     0 | D:1      | 0 ||| qw: Plans: Normal
     0 | D:1      | 0 ||| PLANNING D:1-11
     6 | D:1      | 6 ||| Stepping ~*~*~tactically~*~*~ (stealth).
    60 | D:1      | 60 ||| Stepping ~*~*~tactically~*~*~ (stealth).
   205 | D:1      | Reached skill level 3 in Axes
   205 | D:1      | Reached XP level 2. HP: 17/17 MP: 6/6
   208 | D:1      | 208 ||| Stepping ~*~*~tactically~*~*~ (hiding).
   209 | D:1      | 209 ||| Stepping ~*~*~tactically~*~*~ (hiding).
   279 | D:1      | 279 ||| Stepping ~*~*~tactically~*~*~ (stealth).
   294 | D:1      | 294 ||| Stepping ~*~*~tactically~*~*~ (stealth).
   318 | D:1      | 318 ||| Stepping ~*~*~tactically~*~*~ (stealth).
   404 | D:1      | 404 ||| Stepping ~*~*~tactically~*~*~ (stealth).
   420 | D:1      | 420 ||| Stepping ~*~*~tactically~*~*~ (stealth).
   495 | D:1      | Reached XP level 3. HP: 18/21 MP: 7/7
   658 | D:1      | Reached skill level 4 in Axes
   663 | D:1      | 663 ||| DROPPING +0 club.
  1216 | D:1      | 1216 ||| DROPPING ring of flight.
  1217 | D:1      | 1217 ||| READING scroll labelled TUATRILIET.
  1218 | D:1      | 1218 ||| READING scroll labelled SUOCYI GOACS.
  1319 | D:1      | 1319 ||| READING scroll labelled AGRAAG VA HUX.
  1320 | D:1      | 1320 ||| DROPPING scroll of blinking.
  1351 | D:2      | Found a glowing silver altar of Zin.
  1441 | D:2      | Reached XP level 4. HP: 26/26 MP: 8/8
  1452 | D:2      | Identified the +8 trident of Symmetry {flame, Str+3 SInv}
  1623 | D:2      | 1623 ||| Stepping ~*~*~tactically~*~*~ (stealth).
  1640 | D:2      | 1640 ||| Stepping ~*~*~tactically~*~*~ (stealth).
  1653 | D:2      | Reached skill level 5 in Axes
  1701 | D:2      | Found a faded altar of an unknown god.
  1707 | D:2      | 1707 ||| Stepping ~*~*~tactically~*~*~ (stealth).
  1716 | D:2      | 1716 ||| Stepping ~*~*~tactically~*~*~ (stealth).
  1720 | D:2      | 1720 ||| Stepping ~*~*~tactically~*~*~ (stealth).
  1722 | D:2      | 1722 ||| Stepping ~*~*~tactically~*~*~ (stealth).
  1730 | D:2      | 1730 ||| Stepping ~*~*~tactically~*~*~ (stealth).
  2125 | D:2      | 2125 ||| Stepping ~*~*~tactically~*~*~ (stealth).
  2134 | D:2      | 2134 ||| Stepping ~*~*~tactically~*~*~ (stealth).
  2342 | D:2      | 2342 ||| READING scroll labelled GAIL MELARAAK.
  2343 | D:2      | 2343 ||| READING scroll labelled RIACAO EDORGHI.
  2344 | D:2      | 2344 ||| READING scroll labelled CALAUCIXOI.
  2345 | D:2      | 2345 ||| READING scroll labelled LAYFIMM VIJI.
  2391 | D:3      | 2391 ||| STAIRDANCE
  2473 | D:3      | Gained mutation: Your magical nature lets you fly swiftly
                  | and evasively. [Tengu growth]
  2473 | D:3      | Reached XP level 5. HP: 30/30 MP: 9/9
  2506 | D:3      | Found a shadowy altar of Dithmenos.
  2678 | D:3      | 2678 ||| Stepping ~*~*~tactically~*~*~ (stealth).
  2720 | D:3      | Noticed an ice beast
  2722 | D:3      | 2722 ||| Stepping ~*~*~tactically~*~*~ (stealth).
  2724 | D:3      | 2724 ||| Stepping ~*~*~tactically~*~*~ (stealth).
  2735 | D:3      | Killed an ice beast
  2736 | D:3      | Reached skill level 6 in Axes
  2744 | D:3      | Reached XP level 6. HP: 35/35 MP: 10/10
  2822 | D:3      | 2822 ||| Stepping ~*~*~tactically~*~*~ (hiding).
  3062 | D:3      | 3062 ||| SWAPPING to +0 war axe.
  3063 | D:3      | 3063 ||| DROPPING +1 hand axe.
  3374 | D:3      | 3374 ||| UPGRADING to +0 chain mail.
  3384 | D:3      | 3384 ||| DROPPING +0 leather armour.
  3385 | D:3      | 3385 ||| DROPPING +3 ring mail.
  3386 | D:3      | 3386 ||| READING scroll labelled REKAMIPLET.
  3387 | D:3      | 3387 ||| READING scroll labelled CUFREUNAON.
  3454 | D:4      | 3454 ||| Stepping ~*~*~tactically~*~*~ (stealth).
  3470 | D:4      | Found Sidwag's Assorted Antiques.
  3473 | D:4      | 3473 ||| BUYING bubbling orange potion (20 gold).
  3473 | D:4      | Bought a bubbling orange potion for 20 gold pieces
  3473 | D:4      | 3473 ||| BUYING fizzy red potion (20 gold).
  3473 | D:4      | Bought a fizzy red potion for 20 gold pieces
  3473 | D:4      | 3473 ||| BUYING pair of gloves (103 gold).
  3473 | D:4      | Bought a pair of gloves for 103 gold pieces
  3473 | D:4      | 3473 ||| BUYING scroll labelled ICHINOMEMP (23 gold).
  3473 | D:4      | Bought a scroll labelled ICHINOMEMP for 23 gold pieces
  3624 | D:4      | 3624 ||| Stepping ~*~*~tactically~*~*~ (stealth).
  3683 | D:4      | Reached skill level 7 in Axes
  4228 | D:4      | Noticed a black bear
  4238 | D:4      | HP: 6/36 [black bear (11)]
  4239 | D:4      | 4239 ||| READING scroll of teleportation.
  4239 | D:4      | Slain by a black bear

Levels and vault maps discovered:
D:1:      dpeg_arrival_pits, layout_basic
D:2:      layout_rooms, shapermc_ecumenical_altar_rom_forum, basic_altar,
          kennysheep_generic_room_8
D:3:      layout_basic, old_standard_altar, grunt_ministairs_15
D:4:      layout_loops_ring, elyvilon_altar_3, minmay_temple_entry_from_below_b,
          serial_shops, nicolae_shop_behind_doors

Skill      XL: |  1  2  3  4  5  6 |
---------------+-------------------+-----
Axes           | 3 4 5 6 7 |  7.0
Armour         | 2 |  2.0
Fighting       | |  2.8
Throwing       | |  1.0
Dodging        | |  2.1
Spellcasting   | |  2.0
Translocations | |  2.4

Action                   |  1- 3 |  4- 6 || total
-------------------------+-------+-------++-------
Melee: Hand axe          |   106 |    95 ||   201
       Kick              |    17 |    40 ||    57
       Peck              |     8 |    23 ||    31
       Punch             |     1 |     3 ||     4
       War axe           |       |    43 ||    43
Throw: Boomerang         |     7 |       ||     7
  Use: Scroll            |     3 |     7 ||    10
Armor: Leather armour    |    33 |    19 ||    52
       Chain mail        |       |    23 ||    23
Dodge: Dodged            |    69 |    67 ||   136

Table legend:
 A = Non-vault XP
 B = Vault XP
 C = Vault XP percentage of total XP
 D = Non-vault monster count
 E = Vault monster count
 F = Vault count percentage of total count
                 A         B        C        D         E       F
            +---------+---------+-------+---------+---------+-------
      Total |     519 |       7 |   1.3 |      80 |       3 |   3.6
            +---------+---------+-------+---------+---------+-------
        D:1 |      71 |       0 |   0.0 |      31 |       0 |   0.0
        D:2 |      83 |       3 |   3.5 |      23 |       2 |   8.0
        D:3 |     210 |       4 |   1.9 |      15 |       1 |   6.2
        D:4 |     155 |       0 |   0.0 |      11 |       0 |   0.0
            +---------+---------+-------+---------+---------+-------
